 Dungeon Crawl Stone Soup version 0.31-a0-1156-g12f98b2 (webtiles) character file.

Game seed: 14165179597866393670

41 PidgeyThePirate the Gusty (level 3, 0/19 HPs)
             Began as a Tengu Air Elementalist on Dec 7, 2023.
             Slain by an orc
             ... wielding a +4 falchion
              (8 damage)
             ... on level 3 of the Dungeon.
             The game lasted 00:02:47 (1400 turns).

PidgeyThePirate the Gusty (Tengu Air Elementalist)  Turns: 1400, Time: 00:02:49

Health: 0/19       AC:  4    Str: 10    XL:     3   Next: 52%
Magic:  6/7        EV: 12    Int: 15    God:
Gold:   181        SH:  0    Dex: 14    Spells: 5/6 levels left

rFire   . . .        m - +0 spear
rCold   . . .        (no shield)
rNeg    . . .        e - +0 leather armour
rPois   .            (helmet restricted)
rElec   .            k - +0 cloak
rCorr   .            (no gloves)
SInv    .            (boots unavailable)
Will    .....        (no amulet)
Stlth   ++           (no ring)
HPRegen 0.23/turn    (no ring)
MPRegen 0.10/turn

%: acrobat
@: no status effects
A: beak, talons 3, acrobatic
a: no special abilities


You were on level 3 of the Dungeon.
You visited 1 branch of the dungeon, and saw 3 of its levels.

You collected 181 gold pieces.

Inventory:

Hand Weapons
 m - a +0 spear (weapon)
Armour
 a - a +0 robe
 e - a +0 leather armour (worn)
 k - a +0 cloak (worn)
Scrolls
 f - 3 scrolls of identify {unknown}
 g - a scroll of revelation {unknown}
 l - 2 scrolls of teleportation {unknown}
Potions
 b - a potion of magic
 c - a potion of attraction {unknown}
 d - a potion of resistance {unknown}
 h - 2 potions of curing {unknown}
 i - a potion of haste {unknown}
 j - 2 potions of lignification {unknown}
 n - a potion of cancellation {unknown}
 o - 2 potions of might {unknown}


   Skills:
 + Level 0.1 Fighting
 + Level 2.7 Dodging
 + Level 2.3 Stealth
 + Level 2.1 Spellcasting
 + Level 1.4 Conjurations
 + Level 5.1 Air Magic


You had 5 spell levels left.
You knew the following spells:

 Your Spells              Type           Power      Damage    Failure   Level
a - Shock                 Conj/Air       44%        1d5       8%          1

Your spell library contained the following spells:

 Spells                   Type           Power      Damage    Failure   Level
 Swiftness                Air            16%        N/A       11%         3
 Static Discharge         Conj/Air       22%        3-4/arc   12%         2
 Poisonous Vapours        Pois/Air       18%        N/A       16%         2
 Mephitic Cloud           Conj/Pois/Air  8%         N/A       36%         3
 Airstrike                Air            8%         2d(2-18)  36%         4
 Freezing Cloud           Conj/Ice/Air   4%         6-21      98%         5


Dungeon Overview and Level Annotations

Branches:
Dungeon (3/15)

Altars:


Innate Abilities, Weirdness & Mutations

You have a beak for a mouth.
You have claws for feet.
You can magically evade attacks while moving or waiting.


Message History

The quokka is almost dead.
The quokka bites you.
You miss the quokka. Your kick misses the quokka.
The quokka is almost dead.
The quokka barely misses you. The quokka bites you.
You hit the quokka.
You kill the quokka!
You see here a quokka corpse.
There is a stone staircase leading down here.
You open the door.
f - 3 scrolls labelled DUOF ECRIG DEQ (gained 1)
h - 2 bubbling ruby potions (gained 1) Done exploring.
Done exploring.
There is a stone staircase leading down here.
You climb downwards.
Found 4 gold pieces.
There is a stone staircase leading up here.
You now have 181 gold pieces (gained 4).
There is a stone staircase leading up here.
You open the door.
There is an open door here.
Found steam dragon scales.
Found a ring mail.
An orc comes into view. It is wielding a +4 falchion.
The orc shouts!
An orc wizard comes into view. It is wielding a +0 dagger.
The orc hits you with a +4 falchion! The orc attacks as it pursues you!
The orc misses you. The orc attacks as it pursues you!
The orc closely misses you. The orc attacks as it pursues you!
The orc hits you with a +4 falchion.
Casting: Shock (safe; 8% risk of failure)
Confirm with . or Enter, or press ? or * to list all spells.
Aiming: Shock (safe; 8% risk of failure)
Press: ? - help, Shift-Dir - straight line, f - orc
Aim: an orc, wielding a +4 falchion (68% to hit)
The zap hits the orc.
The orc is almost dead.
The orc hits you with a +4 falchion!
You die...

### #.....#
....###.###.#####...
#.....# #.........
####..###.#####...
#[o.....# ##...####
##.## #o# #@# ##'##
##...## ##...<.##
#^......##
#.........#
+.........#
#........##
##.......#


You could see an orc wizard and an orc.

Vanquished Creatures
  An adder (D:2)
  A worm (D:2)
  2 ball pythons
  4 endoplasms (D:1)
  A goblin (D:1)
  5 hobgoblins
  4 quokkas
  3 bats
  A frilled lizard (D:1)
  A kobold (D:1)
  2 rats (D:1)
25 creatures vanquished.

Notes
Turn   | Place    | Note
-------+----------+-------------------------------------------
     0 | D:1      | PidgeyThePirate the Tengu Air Elementalist began the quest
                  | for the Orb.
     0 | D:1      | Reached XP level 1. HP: 10/10 MP: 4/4
   193 | D:1      | Reached XP level 2. HP: 15/15 MP: 1/6
   742 | D:2      | Reached skill level 5 in Air Magic
   742 | D:2      | Reached XP level 3. HP: 19/19 MP: 7/7
  1400 | D:3      | Slain by an orc

Illustrated notes

Levels and vault maps discovered:
D:1:      ncdulo_halloftheorcs, layout_basic
D:2:      layout_basic, amethyst_killhole
D:3:      layout_loops_corners, marbit_many_paths

Skill      XL: |  1  2 |
---------------+-------+-----
Air Magic      | 5 |  5.1
Fighting       | |  0.1
Dodging        | |  2.7
Stealth        | |  2.3
Spellcasting   | |  2.1
Conjurations   | |  1.4

Action                     || total
---------------------------++-------
  Melee: Spear             ||    30
         Kick              ||     9
         Peck              ||     8
         Unarmed           ||     3
   Cast: Shock             ||    33
 Armour: Leather armour    ||    15
  Dodge: Dodged            ||    28

Table legend: (Time is in decaauts)
 A = Elapsed time spent in this place.
 B = Non-inter-level travel time spent in this place.
 C = Inter-level travel time spent in this place.
 D = Time resting spent in this place.
 E = Time spent auto-exploring this place.
 F = Levels seen in this place.
 G = Mean time per level.
                   A        B        C        D        E       F      G
               +--------+--------+--------+--------+--------+-----+--------+
         Total |   1402 |   1372 |     30 |      0 |   1110 |   3 |  467.3 |
       Dungeon |   1402 |   1372 |     30 |      0 |   1110 |   3 |  467.3 |
               +--------+--------+--------+--------+--------+-----+--------+

Top non-repeatable levels by time:
     D:1: 722 daAuts
     D:2: 639 daAuts
     D:3: 39 daAuts
